 Dungeon Crawl Stone Soup version 0.29-a0-289-g2178c42546 (webtiles) character file.

Game seed: 6567209082788613346

3098 kae the Cleaver (level 9, -1/82 HPs)
             Began as a Hill Orc Fighter on Mar 17, 2022.
             Was an Initiate of Qazlal.
             Slain by an eight-headed hydra (7 damage)
             ... on level 7 of the Dungeon.
             The game lasted 00:04:14 (7625 turns).

kae the Cleaver (Hill Orc Fighter)                  Turns: 7625, Time: 00:04:15

Health: -1/82      AC: 10    Str: 23    XL:     9   Next: 90%
Magic:  9/10       EV: 10    Int:  8    God:    Qazlal [......]
Gold:   132        SH:  5    Dex: 10    Spells: 8/8 levels left

rFire   . . .      SeeInvis .   G - +2 battleaxe (drain)
rCold   . . .      Faith    .   (shield currently unavailable)
rNeg    . . .      Spirit   .   b - +0 scale mail
rPois   +          Reflect  +   w - +0 helmet
rElec   .          Harm     .   o - +0 cloak
rCorr   .          Rampage  .   f - +0 pair of gloves
Will    .....                   (no boots)
Stlth   ..........              u - amulet of reflection
HPRegen 0.23/turn               e - ring of poison resistance
MPRegen 0.12/turn               (no ring)

@: studying Axes
A: no striking features
a: Renounce Religion


You were on level 7 of the Dungeon.
You worshipped Qazlal.
Qazlal was noncommittal.
You visited 2 branches of the dungeon, and saw 8 of its levels.
You also visited: Ossuary.

You collected 487 gold pieces.
You spent 355 gold pieces at shops.

Inventory:

Hand Weapons
 a - a +1 spectral war axe
 G - a +2 battleaxe of draining (weapon)
Armour
 b - a +0 scale mail (worn)
 f - a +0 pair of gloves (worn)
 h - a +1 tower shield
 o - a +0 cloak (worn)
 w - a +0 helmet (worn)
Jewellery
 c - a ring of fire
 e - a ring of poison resistance (left hand)
 r - a ring of ice
 u - an amulet of reflection (around neck)
 D - an amulet of faith
 F - an amulet of guardian spirit
Wands
 g - a wand of polymorph (3)
 n - a wand of acid (6)
 s - a wand of iceblast (9)
 y - a wand of flame (27)
Scrolls
 j - 4 scrolls of blinking
 l - 4 scrolls of enchant armour
 v - a scroll of holy word
 B - a scroll of magic mapping
 C - a scroll of enchant weapon
 E - 3 scrolls of identify
 H - 3 scrolls of fear
Potions
 d - 4 potions of might
 i - 3 potions of attraction
 k - 3 potions of curing
 m - 3 potions of heal wounds
 p - 4 potions of haste {unknown}
 q - 2 potions of lignification {unknown}
 t - a potion of brilliance {unknown}
 x - a potion of mutation {unknown}
 z - a potion of flight {unknown}
 A - a potion of cancellation {unknown}


   Skills:
 + Level 8.7 Fighting
 * Level 13.4 Axes
 + Level 4.2 Armour
 + Level 1.6 Dodging
 - Level 7.2 Shields
 + Level 1.9 Invocations


You had 8 spell levels left.
You didn't know any spells.
Your spell library contained the following spells:

 Spells                   Type           Power      Damage    Failure   Level
 Blink                    Tloc           0%         N/A       85%         2
 Call Canine Familiar     Summ           0%         N/A       97%         3
 Ignite Poison            Fire/Tmut/Pois 0%         N/A       97%         3
 Lesser Beckoning         Tloc           0%         N/A       97%         3
 Mephitic Cloud           Conj/Pois/Air  0%         N/A       97%         3
 Portal Projectile        Hex/Tloc       0%         N/A       97%         3
 Leda's Liquefaction      Hex/Erth       0%         N/A       100%        4
 Freezing Cloud           Conj/Ice/Air   0%         6-21      100%        5
 Manifold Assault         Tloc           0%         N/A       100%        5


Dungeon Overview and Level Annotations

Branches:
Dungeon (7/15)             Temple (1/1) D:7         Ossuary (visited)

Altars:
Ashenzari
Cheibriados
Dithmenos
Elyvilon
Fedhas
Gozag
Hepliaklqana
Kikubaaqudgha
Makhleb
Nemelex Xobeh
Qazlal
Ru
Trog
Uskayaw
Vehumet
Wu Jian
Yredelemnul
Zin

Shops:
D:7 [!(


Message History

Your Axes skill increases to level 13!
Your Armour skill increases to level 4!
Your Invocations skill increases to level 1!
A four-headed hydra is nearby!
You lop one of the four-headed hydra's heads off!
The three-headed hydra grows two more!
You slash the five-headed hydra!
The five-headed hydra is moderately wounded.
The five-headed hydra bites you. The five-headed hydra bites you! x2
The five-headed hydra bites you but does no damage.
You block the five-headed hydra's attack.
You are too injured to fight recklessly!
You are too injured to fight recklessly!
You are too injured to fight recklessly!
You are too injured to fight recklessly!
You are too injured to fight recklessly!
You hack one of the five-headed hydra's heads off!
The four-headed hydra grows two more!
You hit the six-headed hydra. You drain the six-headed hydra.
The six-headed hydra is lightly wounded.
The six-headed hydra bites you. x2
The six-headed hydra bites you but does no damage.
The six-headed hydra bites you. x3
You chop one of the six-headed hydra's heads off!
The five-headed hydra grows two more!
You slash the seven-headed hydra! You drain the seven-headed hydra.
The seven-headed hydra is moderately wounded.
The seven-headed hydra bites you.
* * * LOW HITPOINT WARNING * * *
The seven-headed hydra bites you!
* * * LOW HITPOINT WARNING * * *
The seven-headed hydra bites you.
* * * LOW HITPOINT WARNING * * *
The seven-headed hydra bites you but does no damage. x2
The seven-headed hydra bites you.
* * * LOW HITPOINT WARNING * * *
The seven-headed hydra bites you but does no damage.
You chop one of the seven-headed hydra's heads off!
The six-headed hydra grows two more!
You slash the eight-headed hydra!
The eight-headed hydra is moderately wounded.
The eight-headed hydra bites you!
You die...

# .#### ..
.....### ...
.....####....
...........
##..D#.....
#..@†.#
#∩###......
#######.#
##### .
#.......## ..
#.######.#
#.###
#...#######
##........###
##.#####...#


You could see an eight-headed hydra (drained).

Vanquished Creatures
  An ugly thing (D:7)
  A cyclops (D:7)
  Sigmund (D:5)
  2 wraiths
  Duvessa (D:5)
  2 orc warriors (D:6)
  A water moccasin (D:5)
  2 ice beasts
  An ogre (D:5)
  2 necrophages
  4 scorpions
  Dowan (D:5)
  3 killer bees (D:5)
  4 orc priests
  Crazy Yiuf (D:5)
  A hound (D:5)
  2 jellies
  3 iguanas
  5 orc wizards
  A mummy (Ossuary)
  4 gnolls (D:5)
  9 adders
  A shadow imp (D:5)
  5 worms
  A dart slug (D:3)
  13 orcs
  4 bats
  3 endoplasms
  6 giant cockroaches
  8 goblins
  4 hobgoblins
  3 jackals (D:5)
  11 kobolds
  8 quokkas
  8 ball pythons
  7 frilled lizards
  3 gnoll skeletons (Ossuary)
  9 kobold skeletons (Ossuary)
  13 orc skeletons (Ossuary)
  3 rats
  A spectral kobold (D:1)
163 creatures vanquished.

Notes
Turn   | Place    | Note
-------+----------+-------------------------------------------
     0 | D:1      | kae the Hill Orc Fighter began the quest for the Orb.
     0 | D:1      | Reached XP level 1. HP: 19/19 MP: 1/1
   108 | D:1      | Found a faded altar of an unknown god.
   184 | D:1      | Reached skill level 3 in Axes
   370 | D:1      | Reached XP level 2. HP: 27/27 MP: 2/2
  1219 | D:2      | Reached skill level 4 in Axes
  1461 | D:2      | Reached XP level 3. HP: 32/33 MP: 3/3
  1892 | D:2      | Reached XP level 4. HP: 36/40 MP: 4/4
  2516 | D:3      | Reached skill level 5 in Axes
  2520 | D:3      | Reached XP level 5. HP: 28/47 MP: 5/5
  3363 | D:4      | Reached skill level 5 in Fighting
  3363 | D:4      | Reached skill level 6 in Axes
  3405 | D:4      | Reached XP level 6. HP: 56/56 MP: 6/6
  3428 | D:4      | Found a white marble altar of Elyvilon.
  3454 | D:4      | Found a snail-covered altar of Cheibriados.
  3750 | D:4      | Reached skill level 7 in Axes
  3770 | D:4      | Reached XP level 7. HP: 61/61 MP: 7/7
  4210 | D:5      | Entered Level 5 of the Dungeon
  4276 | D:5      | Noticed Duvessa
  4276 | D:5      | Noticed Dowan
  4287 | D:5      | Killed Duvessa
  4287 | D:5      | Killed Dowan
  4288 | D:5      | Reached skill level 5 in Shields
  4439 | D:5      | Reached skill level 8 in Axes
  4581 | D:5      | Noticed Sigmund
  4584 | D:5      | Found a hazy altar of Hepliaklqana.
  4588 | D:5      | Killed Sigmund
  4589 | D:5      | Reached skill level 9 in Axes
  4589 | D:5      | Reached XP level 8. HP: 52/71 MP: 8/8
  5257 | D:5      | Found a runed translucent door.
  5258 | D:5      | Noticed Crazy Yiuf
  5296 | D:5      | Found a broken altar of Ashenzari.
  5322 | D:5      | Reached skill level 10 in Axes
  5341 | D:5      | Found a stormy altar of Qazlal.
  5361 | D:5      | Found an opulent altar of Gozag.
  5570 | D:5      | Killed Crazy Yiuf
  5774 | D:6      | Noticed a wraith
  5781 | D:6      | Killed a wraith
  5804 | D:6      | Found a shadowy altar of Dithmenos.
  5857 | D:6      | Reached XP level 9. HP: 65/80 MP: 9/9
  5860 | D:6      | Reached skill level 11 in Axes
  5969 | D:6      | Found a glowing silver altar of Zin.
  6033 | D:6      | Found a sand-covered staircase.
  6041 | Ossuary  | Entered an ossuary
  6271 | D:6      | Identified a scroll of acquirement
  6271 | D:6      | Acquired a manual of Axes
  6958 | D:7      | Found Wuagho's Weapon Shop.
  6963 | D:7      | Reached skill level 12 in Axes
  6972 | D:7      | Bought a +2 battleaxe of draining for 355 gold pieces
  6986 | D:7      | Found Taxeegaq's Distillery.
  7019 | D:7      | Found a staircase to the Ecumenical Temple.
  7065 | D:7      | Noticed a cyclops
  7073 | D:7      | Killed a cyclops
  7074 | D:7      | Reached skill level 1 in Dodging
  7105 | Temple   | Entered the Ecumenical Temple
  7480 | D:5      | Became a worshipper of Qazlal Stormbringer
  7605 | D:7      | Found Tac Pafa's Armour Shoppe.
  7613 | D:7      | Noticed a cyan ugly thing
  7615 | D:7      | Noticed a four-headed hydra
  7621 | D:7      | Killed a cyan ugly thing
  7622 | D:7      | Reached skill level 13 in Axes
  7622 | D:7      | Reached skill level 1 in Invocations
  7625 | D:7      | Slain by an eight-headed hydra

Illustrated notes

Levels and vault maps discovered:
D:1:      lightli_iron_boxes, layout_basic,
          dreamdust_ecumenical_altar_drowned_temple,
          amcnicky_mini_corridor_feature
D:2:      layout_basic, minmay_circle_x
D:3:      layout_basic
D:4:      layout_basic, elyvilon_altar_5, cheibriados_altar_1,
          minmay_misc_feat_rugged
D:5:      layout_loops_corners, mainiacjoe_overflow_catch_the_wave,
          mainiacjoe_overflow_catwalk, mainiacjoe_overflow_alcove_2,
          uniq_duvessa, uniq_crazy_yiuf_cottage, uniq_sigmund
D:6:      layout_basic, zin_academy, nicolae_dithmenos_shadow_blocks,
          lightli_ossuary_entry_decrepit_ruins, minmay_holes
D:7:      layout_rooms, lemuel_doored_altar, temple_fountains, serial_shops,
          shop, shop, nicolae_stop_n_shop_1, nicolae_shop_trees, kb_rosetta
Temple:   compressed_dpeg_circular_temple

Skill      XL: |  1  2  3  4  5  6  7  8  9 |
---------------+----------------------------+-----
Axes           | 3 4 5 6 7 9 10 13 | 13.4
Fighting       | 4 5 6 7 8 |  8.7
Shields        | 4 5 6 7 |  7.2
Dodging        | 1 |  1.6
Armour         | 4 |  4.2
Invocations    | 1 |  1.9

Action                   |  1- 3 |  4- 6 |  7- 9 || total
-------------------------+-------+-------+-------++-------
Melee: War axe           |   102 |    99 |   145 ||   346
       Battleaxe         |       |       |    16 ||    16
Evoke: Wand              |       |       |     1 ||     1
  Use: Scroll            |       |     5 |     9 ||    14
 Stab: Distracted        |       |     1 |       ||     1
Armor: Scale mail        |    45 |    55 |    29 ||   129
Dodge: Dodged            |    39 |    17 |    21 ||    77
Block: Buckler           |     9 |       |       ||     9
       Tower shield      |    25 |    91 |   125 ||   241
       Reflection        |       |       |     2 ||     2
       Other             |       |       |     2 ||     2

Table legend: (Time is in decaauts)
 A = Elapsed time spent in this place.
 B = Non-inter-level travel time spent in this place.
 C = Inter-level travel time spent in this place.
 D = Time resting spent in this place.
 E = Time spent auto-exploring this place.
 F = Levels seen in this place.
 G = Mean time per level.
                   A        B        C        D        E       F      G
               +--------+--------+--------+--------+--------+-----+--------+
         Total |   7797 |   7236 |    561 |    225 |   5807 |   9 |  866.3 |
       Dungeon |   7252 |   6700 |    552 |    225 |   5364 |   7 | 1036.0 |
        Temple |    305 |    297 |      8 |      0 |    290 |   1 |  305.0 |
       Ossuary |    239 |    239 |      0 |      0 |    153 |   1 |  239.0 |
               +--------+--------+--------+--------+--------+-----+--------+

Top non-repeatable levels by time:
     D:5: 1563 daAuts
     D:2: 1266 daAuts
     D:1: 1237 daAuts
     D:6: 1108 daAuts
     D:3: 950 daAuts
     D:4: 870 daAuts
  Temple: 305 daAuts
     D:7: 254 daAuts
 Ossuary: 239 daAuts
